AoeStats
← jiri.hradec.jr

Arabia

510135663Analyzed
1v1 RM · 3d ago on Sep 29, 2026· 45m 39s· 2 players
Game mode
Random Map
Map size
Tiny (2 player)
Population
200
Speed
Normal
Resources
Standard
Victory
Conquest
Starting age
Dark Age
Ending age
Imperial Age
RankedLock teamsTeams togetherTeam positionsShared explorationLock speedFull tech treeHidden civsTurbo modeCheats
Victory
Defeat
🇮🇹 Japanese · Italy
1504
+15
🇿🇦 Bulgarians · South Africa
1489
-15
USG-Ishimura
6:39 Loom
9:18 Feudal Age
9:44 Double-Bit Axe
12:45 Horse Collar
14:49 Fletching
15:17 Padded Archer Armor
21:58 Castle Age
21:30 Bloodlines
21:27 Scale Barding Armor
21:16 Gold Mining
22:52 Bodkin Arrow
24:54 Bow Saw
30:12 Ballistics
41:47 Imperial Age
40:26 Chain Barding Armor
40:33 Husbandry
41:50 Cavalier
44:16 Plate Barding Armor
46:06 Forging
jiri.hradec.jr
6:37 Loom
9:11 Feudal Age
12:46 Fletching
15:00 Double-Bit Axe
14:59 Horse Collar
17:42 Padded Archer Armor
26:10 Castle Age
26:11 Crossbowman
26:48 Bodkin Arrow
27:56 Ballistics
30:49 Bow Saw
33:16 Town Watch
34:07 Wheelbarrow
33:27 Gold Mining
33:39 Heavy Plow
37:59 Imperial Age
36:27 Bloodlines
35:38 Light Cavalry
38:35 Scale Mail Armor
38:02 Heavy Cavalry Archer
39:35 Scale Barding Armor
39:46 Chain Mail Armor
39:33 Bracer
40:38 Chemistry
40:10 Leather Archer Armor
40:17 Leather Archer Armor
40:09 Scale Barding Armor
41:23 Husbandry
41:55 Ring Archer Armor
41:46 Chain Barding Armor
Connection lost

Rejoining the realm…

Still unreachable

The connection could not be restored.

Session expired

The server has moved on; the page needs a fresh start.